 Dungeon Crawl Stone Soup version 0.31.0-12-g77e489cdc1 (webtiles) character file.

Game seed: 1790678696626720028

7 Gadfly the Shooter (level 2, -3/18 HPs)
             Began as a Kobold Hunter on Feb 15, 2024.
             Slain by a goblin
             ... wielding a +0 club
              (4 damage)
             ... on level 1 of the Dungeon.
             The game lasted 00:00:19 (99 turns).

Gadfly the Shooter (Kobold Hunter)                    Turns: 99, Time: 00:00:19

Health: -3/18      AC:  3    Str:  8    XL:     2   Next: 10%
Magic:  2/2        EV: 14    Int: 10    God:
Gold:   12         SH:  0    Dex: 18    Spells: 1/1 levels left

rFire   . . .        a - +0 shortbow
rCold   . . .        (shield currently unavailable)
rNeg    . . .        c - +0 leather armour
rPois   .            (no helmet)
rElec   .            (no cloak)
rCorr   .            (no gloves)
SInv    .            (no boots)
Will    .....        (no amulet)
Stlth   +++          (no ring)
HPRegen 0.23/turn    (no ring)
MPRegen 0.08/turn

%: no passive effects
@: no status effects
A: small, no large weapons, nightstalker 3
a: no special abilities


You were on level 1 of the Dungeon.
You visited 1 branch of the dungeon, and saw 1 of its levels.

You collected 12 gold pieces.

Inventory:

Hand Weapons
 a - a +0 shortbow (weapon)
Armour
 c - a +0 leather armour (worn)
Jewellery
 d - a ring of willpower
Scrolls
 b - a scroll of butterflies
Potions
 e - a potion of curing {unknown}


   Skills:
 + Level 2.3 Fighting
 + Level 5.3 Ranged Weapons
 + Level 2.5 Dodging
 - Level 1.3 Stealth
 * Level 0.7 Invocations
 * Level 0.9 Evocations


You had one spell level left.
You didn't know any spells.
Your spell library was empty.

Dungeon Overview and Level Annotations

Branches:
Dungeon (1/15)

Altars:


Innate Abilities, Weirdness & Mutations

You are small and have problems with some larger weapons.
You are completely attuned to the shadows.


Message History

You kill the jackal!
The goblin hits you with a +0 club. The jackal barely misses you.
You shoot an arrow. The arrow closely misses the jackal.
The goblin hits you with a +0 club.
The jackal bites you but does no damage.
The goblin misses you. The jackal closely misses you.
You shoot an arrow. The arrow barely misses the jackal.
The jackal bites you but does no damage.
The goblin closely misses you.
You shoot an arrow. The arrow barely misses the jackal.
The jackal completely misses you. The jackal misses you.
The goblin barely misses you.
You shoot an arrow. The arrow barely misses the jackal.
The jackal barely misses you. The goblin barely misses you.
The jackal bites you.
You shoot an arrow. The arrow barely misses the jackal.
The jackal barely misses you. The goblin barely misses you.
The jackal bites you. The goblin closely misses you.
You shoot an arrow. The arrow closely misses the jackal.
The jackal bites you. The goblin misses you.
You shoot an arrow. The arrow hits the goblin.
The goblin is severely wounded.
The jackal closely misses you. The jackal completely misses you.
The goblin misses you.
You shoot an arrow. The arrow barely misses the goblin.
The jackal misses you. The goblin hits you with a +0 club.
* * * LOW HITPOINT WARNING * * *
The jackal bites you.
* * * LOW HITPOINT WARNING * * *
You shoot an arrow. The arrow completely misses the goblin.
The jackal completely misses you. The goblin completely misses you.
Unknown command.
You shoot an arrow. The arrow closely misses the goblin.
The jackal bites you but does no damage.
The goblin closely misses you. The jackal bites you.
* * * LOW HITPOINT WARNING * * *
The goblin barely misses you.
You shoot an arrow. The arrow closely misses the jackal.
The jackal barely misses you. The goblin hits you with a +0 club.
You die...

###...(.#
........#
......>.#
...gh†..+
#@...##
#......
#)....#
#.....#.#
#.....#.#
##.......
#.......
#.......
+.......


You could see a jackal and a goblin.

Vanquished Creatures
  An endoplasm (D:1)
  A giant cockroach (D:1)
  2 goblins (D:1)
  A jackal (D:1)
  A frilled lizard (D:1)
  A kobold (D:1)
7 creatures vanquished.

Notes
Turn   | Place    | Note
-------+----------+-------------------------------------------
     0 | D:1      | Gadfly the Kobold Hunter began the quest for the Orb.
     0 | D:1      | Reached XP level 1. HP: 12/12 MP: 1/1
    87 | D:1      | Reached XP level 2. HP: 12/17 MP: 2/2
    99 | D:1      | Slain by a goblin

Illustrated notes

Levels and vault maps discovered:
D:1:      lemuel_arrival_hallway, layout_basic

Action                     || total
---------------------------++-------
   Fire: Shortbow          ||    27
 Armour: Leather armour    ||    18
  Dodge: Dodged            ||    29
